AoeStats
← Fluvialgeomorphologist

Nomad

504935807Analyzed
4v4 RM · 25d ago on Sep 7, 2026· 31m 53s· 8 players
Game mode
Random Map
Map size
231×231
Population
200
Speed
Normal
Resources
Standard
Victory
Conquest
Starting age
Dark Age
Ending age
Imperial Age
RankedLock teamsTeams togetherTeam positionsShared explorationLock speedFull tech treeHidden civsTurbo modeCheats
Victory
Defeat
🇺🇸 Magyars · United States
931
+13
🇹🇼 Poles · Taiwan
902
+14
🇲🇽 Saracens · Mexico
900
+14
🇮🇳 Goths · India
900
+14
🇨🇦 Britons · Canada
863
-14
🇺🇸 Huns · United States
860
-14
🇺🇸 Malay · United States
853
-14
🇺🇸 Georgians · United States
850
-13
Jean-Francois Harisson
18:18 Feudal Age
19:56 Horse Collar
22:15 Town Watch
23:08 Wheelbarrow
24:08 Man-at-Arms
Bruin878
3:56 Loom
19:59 Feudal Age
23:01 Man-at-Arms
27:49 Bloodlines
XxMasterxX
4:22 Loom
18:47 Feudal Age
18:51 Town Watch
19:39 Fletching
21:02 Forging
20:58 Scale Barding Armor
20:53 Padded Archer Armor
27:15 Castle Age
29:12 Husbandry
Fluvialgeomorphologist
15:08 Feudal Age
13:24 Loom
19:15 Castle Age
17:10 Stone Mining
18:04 Double-Bit Axe
20:48 Fletching
21:58 Bodkin Arrow
23:16 Horse Collar
26:31 Bloodlines
26:22 Husbandry
27:48 Husbandry
30:18 Wheelbarrow
30:19 Forging
30:15 Scale Barding Armor
MonsterSmeat
4:46 Loom
14:45 Feudal Age
23:11 Castle Age
21:33 Double-Bit Axe
21:58 Fletching
23:29 Wheelbarrow
28:35 Corvinian Army
HUSEINMACO
10:22 Loom
14:12 Feudal Age
14:40 Double-Bit Axe
22:21 Castle Age
20:13 Fletching
21:02 Padded Archer Armor
21:54 Horse Collar
22:24 Crossbowman
23:25 Bow Saw
29:20 Heavy Plow
iamlegolas312
3:46 Loom
14:16 Feudal Age
16:53 Fishing Lines
17:16 Double-Bit Axe
19:21 Gold Mining
20:12 Wheelbarrow
19:23 Town Watch
19:40 Stone Mining
25:59 Castle Age
24:17 Forging
24:07 Scale Mail Armor
27:00 Bow Saw
27:41 Iron Casting
27:21 Chain Mail Armor
26:48 Horse Collar
28:36 Hand Cart
28:43 Anarchy
u9313317
4:26 Loom
16:08 Feudal Age
17:20 Town Watch
18:22 Town Watch
19:23 Horse Collar
20:48 Town Watch
23:05 Double-Bit Axe
25:28 Castle Age
25:11 Bloodlines
25:50 Scale Barding Armor
25:55 Forging
26:48 Wheelbarrow
26:35 Light Cavalry
27:56 Wheelbarrow
28:05 Double-Bit Axe
28:21 Heavy Plow
29:39 Hand Cart
34:27 Imperial Age
Connection lost

Rejoining the realm…

Still unreachable

The connection could not be restored.

Session expired

The server has moved on; the page needs a fresh start.